[ AOE2 MATCH · #504617741 ]
UnrankedVietnamese vs Armenians
Player's team · WIN
Rival team · LOSS
[ REPLAY ANALYSIS · EXTRACTED FROM THE RECORDED GAME ]
Feudal
10:12
Castle
22:57
Imperial
44:37
| APM avg | 92.3 |
| APM peak | 132 |
| eAPM avg | 48.5 |
| Villagers / military | 155 / 153 |
Focus
⚔️ 49.1% · 🌾 50.9%
Archer ×66 · Skirmisher ×49 · Rattan Archer ×11 · Petard ×9 · Mangonel ×9 · Battering Ram ×6
Feudal
8:50
Castle
20:26
Imperial
41:57
| APM avg | 62.2 |
| APM peak | 94 |
| eAPM avg | 28.2 |
| Villagers / military | 157 / 117 |
Focus
⚔️ 37.3% · 🌾 62.7%
Archer ×90 · Mangonel ×11 · Skirmisher ×7 · Battering Ram ×4 · Militia ×3 · Scorpion ×1
Match map
Initial resources + every placement click. Lines = walls · curves = elevation contours. ◆ gold · ⬟ stone · ● berries · ✦ relic · ◌ wall gap
Your base· Open — 6t gap
Buchi's base· Open — unwalled flank
Smoothed initial terrain · ◌ = detected wall gap · hover for details
Inputs per minute
— iamkaito - - Buchi
Build order — iamkaito
First 150 of 462 actions detected
| 0:01 | Create | Villager (Male) |
| 0:02 | Build | House |
| 0:02 | Create | Villager (Male) |
| 0:04 | Build | House |
| 0:11 | Create | Villager (Male) |
| 0:23 | Create | Villager (Male) |
| 1:26 | Create | Villager (Male) |
| 2:07 | Create | Villager (Male) |
| 2:07 | Create | Villager (Male) |
| 2:08 | Create | Villager (Male) |
| 2:08 | Create | Villager (Male) |
| 2:14 | Build | Lumber Camp |
| 2:57 | Create | Villager (Male) |
| 2:58 | Create | Villager (Male) |
| 3:33 | Create | Villager (Male) |
| 3:53 | Build | House |
| 3:54 | Build | House |
| 4:13 | Create | Villager (Male) |
| 4:27 | Create | Villager (Male) |
| 5:02 | Create | Villager (Male) |
| 5:18 | Create | Villager (Male) |
| 5:47 | Create | Villager (Male) |
| 5:57 | Build | Mining Camp |
| 6:01 | Build | Mining Camp |
| 6:16 | Research | Loom |
| 6:41 | Create | Villager (Male) |
| 7:09 | Create | Villager (Male) |
| 7:18 | Create | Villager (Male) |
| 7:35 | Build | Mill |
| 7:58 | Build | House |
| 8:01 | Build | Palisade Wall |
| 8:02 | Research | Feudal Age |
| 8:27 | Build | Palisade Wall |
| 8:40 | Build | Palisade Wall |
| 8:41 | Build | Palisade Wall |
| 8:47 | Build | Palisade Wall |
| 9:03 | Build | Palisade Wall |
| 9:04 | Build | Palisade Wall |
| 9:30 | Create | Villager (Male) |
| 9:56 | Build | Palisade Wall |
| 9:58 | Build | Palisade Wall |
| 10:04 | Create | Villager (Male) |
| 10:12 | Age | Feudal Age |
| 10:13 | Build | Palisade Wall |
| 10:16 | Create | Villager (Male) |
| 10:25 | Build | Barracks |
| 10:33 | Research | Double-Bit Axe |
| 10:38 | Create | Villager (Male) |
| 11:06 | Research | Horse Collar |
| 11:08 | Create | Villager (Male) |
| 11:10 | Build | Farm |
| 11:12 | Build | Archery Range |
| 11:14 | Build | Farm |
| 11:27 | Build | Palisade Wall |
| 11:35 | Build | Farm |
| 11:37 | Create | Villager (Male) |
| 11:48 | Build | Palisade Wall |
| 11:52 | Create | Archer |
| 11:52 | Create | Archer |
| 11:56 | Build | Palisade Wall |
| 12:11 | Build | Farm |
| 12:26 | Create | Skirmisher |
| 12:44 | Create | Villager (Male) |
| 12:47 | Build | House |
| 12:51 | Build | House |
| 12:54 | Build | House |
| 12:55 | Create | Villager (Male) |
| 13:12 | Create | Skirmisher |
| 13:23 | Build | House |
| 13:24 | Create | Villager (Male) |
| 13:27 | Build | Farm |
| 13:34 | Build | Palisade Wall |
| 13:37 | Create | Villager (Male) |
| 13:44 | Create | Villager (Male) |
| 13:46 | Build | Blacksmith |
| 13:48 | Build | Farm |
| 14:05 | Build | Farm |
| 14:10 | Create | Archer |
| 14:21 | Build | House |
| 14:22 | Build | Palisade Wall |
| 14:24 | Build | Farm |
| 14:36 | Build | Farm |
| 14:44 | Create | Archer |
| 14:53 | Research | Fletching |
| 14:54 | Create | Archer |
| 15:08 | Build | Farm |
| 15:10 | Build | Farm |
| 15:12 | Create | Villager (Male) |
| 15:19 | Create | Archer |
| 15:24 | Build | House |
| 15:32 | Build | Farm |
| 15:33 | Create | Villager (Male) |
| 15:37 | Create | Archer |
| 15:43 | Create | Archer |
| 15:51 | Build | Farm |
| 15:55 | Build | House |
| 15:56 | Create | Villager (Male) |
| 16:17 | Create | Villager (Male) |
| 16:41 | Create | Villager (Male) |
| 16:42 | Create | Skirmisher |
| 16:45 | Create | Villager (Male) |
| 16:48 | Build | Farm |
| 16:53 | Build | Farm |
| 16:53 | Create | Villager (Male) |
| 17:00 | Research | Padded Archer Armor |
| 17:13 | Create | Villager (Male) |
| 17:14 | Create | Skirmisher |
| 17:18 | Build | Farm |
| 17:21 | Build | Farm |
| 17:45 | Build | House |
| 17:48 | Create | Villager (Male) |
| 18:03 | Create | Villager (Male) |
| 18:07 | Build | Market |
| 18:20 | Create | Villager (Male) |
| 18:21 | Create | Archer |
| 18:50 | Create | Villager (Male) |
| 18:50 | Create | Villager (Male) |
| 18:54 | Create | Archer |
| 18:55 | Create | Villager (Male) |
| 18:57 | Build | Archery Range |
| 19:16 | Build | Archery Range |
| 19:55 | Create | Archer |
| 19:55 | Create | Archer |
| 20:15 | Research | Castle Age |
| 20:38 | Create | Archer |
| 20:41 | Research | Gold Mining |
| 20:41 | Research | Gold Mining |
| 21:11 | Create | Villager (Male) |
| 21:12 | Create | Archer |
| 21:12 | Create | Archer |
| 21:14 | Create | Villager (Male) |
| 21:17 | Create | Skirmisher |
| 21:17 | Create | Skirmisher |
| 21:18 | Create | Archer |
| 21:19 | Build | House |
| 21:35 | Create | Villager (Male) |
| 21:35 | Create | Skirmisher |
| 21:36 | Create | Skirmisher |
| 22:14 | Create | Villager (Male) |
| 22:15 | Build | House |
| 22:23 | Create | Skirmisher |
| 22:23 | Create | Skirmisher |
| 22:57 | Age | Castle Age |
| 22:59 | Research | Bodkin Arrow |
| 23:02 | Research | Elite Skirmisher (upgrade) |
| 23:08 | Create | Villager (Male) |
| 23:09 | Create | Villager (Male) |
| 23:23 | Build | University |
| 23:28 | Research | Bow Saw |
| 23:28 | Research | Bow Saw |
Build order — Buchi
First 150 of 416 actions detected
| 0:00 | Create | Villager (Male) |
| 0:01 | Create | Villager (Male) |
| 0:01 | Create | Villager (Male) |
| 0:02 | Build | House |
| 0:02 | Build | House |
| 0:05 | Create | Villager (Male) |
| 1:23 | Create | Villager (Male) |
| 1:23 | Create | Villager (Male) |
| 1:49 | Build | Mule Cart |
| 1:57 | Create | Villager (Male) |
| 2:23 | Create | Villager (Male) |
| 2:23 | Create | Villager (Male) |
| 2:45 | Create | Villager (Male) |
| 3:04 | Create | Villager (Male) |
| 3:05 | Create | Villager (Male) |
| 3:05 | Create | Villager (Male) |
| 3:41 | Build | House |
| 3:45 | Create | Villager (Male) |
| 3:45 | Create | Villager (Male) |
| 3:48 | Create | Villager (Male) |
| 3:48 | Create | Villager (Male) |
| 4:27 | Create | Villager (Male) |
| 4:38 | Create | Villager (Male) |
| 5:07 | Build | Barracks |
| 5:18 | Create | Villager (Male) |
| 5:31 | Build | House |
| 5:35 | Create | Villager (Male) |
| 5:35 | Research | Loom |
| 6:36 | Research | Feudal Age |
| 6:55 | Build | Mule Cart |
| 7:03 | Create | Militia |
| 7:19 | Create | Militia |
| 7:31 | Create | Militia |
| 7:42 | Build | House |
| 8:02 | Build | Mill |
| 8:34 | Create | Villager (Male) |
| 8:50 | Age | Feudal Age |
| 8:51 | Research | Man-at-Arms (upgrade) |
| 8:51 | Research | Man-at-Arms (upgrade) |
| 8:55 | Build | Archery Range |
| 9:11 | Create | Villager (Male) |
| 9:43 | Create | Villager (Male) |
| 9:48 | Build | Farm |
| 9:48 | Create | Archer |
| 9:54 | Create | Villager (Male) |
| 9:54 | Create | Villager (Male) |
| 9:55 | Build | Farm |
| 10:13 | Build | Farm |
| 10:14 | Build | Farm |
| 10:37 | Build | Farm |
| 10:40 | Create | Archer |
| 10:51 | Build | Farm |
| 10:56 | Create | Villager (Male) |
| 10:56 | Create | Villager (Male) |
| 10:57 | Create | Villager (Male) |
| 10:59 | Build | Farm |
| 11:20 | Create | Villager (Male) |
| 11:20 | Create | Villager (Male) |
| 11:24 | Build | House |
| 11:27 | Create | Archer |
| 11:45 | Build | Farm |
| 11:49 | Create | Villager (Male) |
| 11:49 | Create | Villager (Male) |
| 11:59 | Create | Villager (Male) |
| 12:01 | Build | House |
| 12:05 | Create | Archer |
| 12:28 | Create | Villager (Male) |
| 12:29 | Create | Villager (Male) |
| 12:40 | Build | Blacksmith |
| 12:50 | Create | Villager (Male) |
| 12:50 | Create | Villager (Male) |
| 13:18 | Research | Fletching |
| 13:18 | Research | Fletching |
| 13:19 | Create | Villager (Male) |
| 13:20 | Build | House |
| 13:26 | Create | Archer |
| 13:29 | Build | Farm |
| 13:45 | Build | House |
| 13:50 | Create | Villager (Male) |
| 14:00 | Create | Villager (Male) |
| 14:09 | Research | Double-Bit Axe |
| 14:09 | Research | Double-Bit Axe |
| 14:12 | Create | Archer |
| 14:12 | Create | Archer |
| 14:27 | Build | House |
| 14:39 | Build | House |
| 14:40 | Build | House |
| 14:46 | Create | Villager (Male) |
| 14:47 | Create | Archer |
| 14:57 | Build | House |
| 15:00 | Create | Villager (Male) |
| 15:06 | Build | House |
| 15:07 | Build | House |
| 15:21 | Create | Villager (Male) |
| 15:24 | Build | Farm |
| 15:34 | Build | House |
| 15:34 | Build | House |
| 15:35 | Build | House |
| 15:45 | Build | House |
| 15:47 | Build | House |
| 15:54 | Create | Villager (Male) |
| 16:11 | Build | Farm |
| 16:19 | Build | House |
| 16:24 | Create | Villager (Male) |
| 16:35 | Build | House |
| 16:39 | Build | Stone Wall |
| 16:41 | Build | Farm |
| 16:41 | Create | Villager (Male) |
| 16:50 | Build | House |
| 16:56 | Build | House |
| 17:07 | Build | House |
| 17:46 | Research | Castle Age |
| 17:46 | Research | Castle Age |
| 18:13 | Build | Archery Range |
| 18:13 | Create | Skirmisher |
| 18:13 | Create | Skirmisher |
| 18:14 | Create | Skirmisher |
| 19:15 | Create | Skirmisher |
| 19:15 | Create | Skirmisher |
| 19:15 | Create | Skirmisher |
| 19:26 | Create | Villager (Male) |
| 19:27 | Build | House |
| 19:56 | Create | Archer |
| 19:57 | Create | Archer |
| 20:26 | Age | Castle Age |
| 20:29 | Research | Bodkin Arrow |
| 20:29 | Create | Villager (Male) |
| 20:48 | Research | Crossbowman (upgrade) |
| 20:49 | Research | Crossbowman (upgrade) |
| 20:58 | Create | Villager (Male) |
| 20:59 | Build | Farm |
| 21:15 | Create | Archer |
| 21:15 | Create | Archer |
| 21:15 | Create | Archer |
| 21:16 | Create | Archer |
| 21:24 | Build | House |
| 21:34 | Create | Villager (Male) |
| 21:38 | Create | Archer |
| 21:38 | Create | Archer |
| 21:38 | Create | Archer |
| 21:54 | Create | Villager (Male) |
| 22:01 | Create | Archer |
| 22:01 | Create | Archer |
| 22:11 | Research | Padded Archer Armor |
| 22:24 | Build | Town Center |
| 22:25 | Create | Villager (Male) |
| 22:32 | Build | House |
| 22:44 | Create | Archer |
| 22:44 | Create | Archer |
| 22:44 | Create | Archer |
Match timeline
| 5:07 | Buchi · first_building Barracks |
| 8:01 | iamkaito · wall_segment Palisade Wall x5 |
| 8:27 | iamkaito · wall_segment Palisade Wall x11 |
| 8:40 | iamkaito · wall_segment Palisade Wall x1 |
| 8:41 | iamkaito · wall_segment Palisade Wall x1 |
| 8:47 | iamkaito · wall_segment Palisade Wall x1 |
| 8:50 | Buchi · age_up feudal |
| 8:55 | Buchi · first_building Archery Range |
| 9:03 | iamkaito · wall_segment Palisade Wall x6 |
| 9:04 | iamkaito · wall_segment Palisade Wall x1 |
| 9:56 | iamkaito · wall_segment Palisade Wall x1 |
| 9:58 | iamkaito · wall_segment Palisade Wall x1 |
| 10:12 | iamkaito · age_up feudal |
| 10:13 | iamkaito · wall_segment Palisade Wall x1 |
| 10:25 | iamkaito · first_building Barracks |
| 11:12 | iamkaito · first_building Archery Range |
| 11:27 | iamkaito · wall_segment Palisade Wall x1 |
| 11:48 | iamkaito · wall_segment Palisade Wall x1 |
| 11:56 | iamkaito · wall_segment Palisade Wall x1 |
| 13:34 | iamkaito · wall_segment Palisade Wall x1 |
| 14:22 | iamkaito · wall_segment Palisade Wall x4 |
| 16:39 | Buchi · wall_segment Stone Wall x1 |
| 20:26 | Buchi · age_up castle |
| 22:57 | iamkaito · age_up castle |
| 24:11 | iamkaito · first_market_buy 100 wood |
| 24:16 | Buchi · first_building Siege Workshop |
| 27:06 | Buchi · first_building Monastery |
| 27:48 | iamkaito · first_building Siege Workshop |
| 29:59 | iamkaito · first_building Monastery |
| 34:32 | Buchi · first_market_sell 100 stone |
| 35:08 | Buchi · first_market_buy 100 food |
| 35:12 | Buchi · first_building Castle |
| 37:16 | iamkaito · first_building Castle |
| 39:02 | iamkaito · first_market_sell 500 wood |
| 41:57 | Buchi · age_up imperial |
| 44:37 | iamkaito · age_up imperial |
| 45:33 | Buchi · resign |
[ AI ANALYSIS · 1 CREDIT ]
What really happened in this match?
Wolo.gg analyzes every decision: build order, eco, micro, common mistakes by bracket. Personalized analysis on WhatsApp or Discord in 30 seconds.
Civ guide
Vietnamese
Perfil
Jugador #3816609